 Dungeon Crawl Stone Soup version 0.26-a0-672-g1df16c3386 (webtiles) character file.

Game seed: 10353230904867215729

105 lunkers the Insei (level 4, -3/35 HPs)
             Began as a Draconian Transmuter on Oct 19, 2020.
             Slain by an ice beast (14 damage)
             ... on level 3 of the Dungeon.
             The game lasted 00:03:08 (2031 turns).

lunkers the Insei (Draconian Transmuter)            Turns: 2031, Time: 00:03:08

Health: -3/35      AC:  5    Str: 12    XL:     4   Next: 54%
Magic:  0/7        EV: 12    Int: 14    God:
Gold:   57         SH:  0    Dex: 12    Spells: 3/7 levels left

rFire    . . .     SeeInvis .     - Unarmed
rCold    . . .     Faith    .   (no shield)
rNeg     . . .     Spirit   .   (armour unavailable)
rPois    .         Reflect  .   (helmet currently unavailable)
rElec    .         Harm     .   (no cloak)
rCorr    .         Rampage  .   (no gloves)
MR       .....                  (boots currently unavailable)
Stlth    +.........             (no amulet)
HPRegen  0.11/turn              (no ring)
MPRegen  0.10/turn              (no ring)

@: appendages, very slightly contaminated, slowed, very slow
A: unfitting armour, horns 2, talons 2, cold-blooded, AC +5
a: End Transformation


You were on level 3 of the Dungeon.
You had grown temporary horns.
You had grown temporary talons.
You visited 1 branch of the dungeon, and saw 3 of its levels.

You collected 57 gold pieces.

Inventory:

Armour
 f - a +0 pair of boots (melded)
Jewellery
 a - a cursed ring of teleportation {unknown}
Scrolls
 b - 4 scrolls of identify {unknown}
 c - a scroll of remove curse {unknown}
 d - a scroll of fog {unknown}
Potions
 e - 2 potions of berserk rage {unknown}
 g - a potion of invisibility {unknown}
 h - a potion of resistance {unknown}
 i - a potion of might {unknown}
 j - a potion of magic {unknown}


   Skills:
 - Level 1.1 Fighting
 - Level 1.7 Dodging
 + Level 4.3 Unarmed Combat
 - Level 2.0 Spellcasting
 + Level 3.6 Transmutations


You had 3 spell levels left.
You knew the following spells:

 Your Spells              Type           Power        Failure   Level
c - Spider Form           Tmut/Pois      #.........   32%         3
p - Beastly Appendage     Tmut           ##....       5%          1

Your spell library contained the following spells:

 Spells                   Type           Power        Failure   Level
 Wereblood                Tmut           ##......     8%          2
 Confusing Touch          Hex            #.......     56%         3
 Gell's Gravitas          Tloc           #.........   56%         3
 Ice Form                 Ice/Tmut       #.......     73%         4
 Petrify                  Tmut/Erth      #.......     73%         4
 Blade Hands              Tmut           ##........   82%         5
 Yara's Violent Unravell  Hex/Tmut       #.........   97%         5
 Metabolic Englaciation   Hex/Ice        #.........   100%        5


Dungeon Overview and Level Annotations

Branches:
Dungeon (3/15)

Altars:

Annotations:
D:3 3 runed translucent doors, pigah's ghost, amateur DrWn


Innate Abilities, Weirdness & Mutations

Your plain brown scales are hard. (AC +5)
You cannot fit into any form of body armour.
You are cold-blooded and may be slowed by cold attacks.
You have a pair of horns on your head.
You have razor-sharp toenails.


Message History

The spell is quite dangerous to cast (32% risk of failure)!
Continue anyway?
You miscast Spider Form.
You are very lightly contaminated with residual magic.
Your limbs ache and wobble like jelly.
* * * LOW MAGIC WARNING * * *
You feel yourself speed up. The ice beast hits you. The ice beast freezes you!
You feel yourself slow down.
* * * LOW HITPOINT WARNING * * *
You aren't carrying any items that you can evoke.
Unknown command.
Okay, then.
Casting: Spider Form (quite dangerous; 32% risk of failure)
Confirm with . or Enter, or press ? or * to list all spells.
You grow a pair of large bovine horns.
Your feet morph into talons.
Your +0 pair of boots melds into your body.
* * * LOW MAGIC WARNING * * *
The ice beast hits you.
* * * LOW HITPOINT WARNING * * *
The ice beast freezes you!
You die...

..........###.##.......#
#.........# #.####..####
#..#.##.#.###.## #.##
........#......###.#
##.#..#####........#
#..... #......#####
.........###.###
##.######. #.>.#####...
#. # ###Y@.......
#######...


You could see an ice beast.

Vanquished Creatures
  3 gnolls (D:2)
  2 adders
  A shadow imp (D:3)
  An ooze (D:1)
  2 worms (D:2)
  4 dart slugs
  2 leopard geckos (D:1)
  A giant cockroach (D:3)
  3 hobgoblins
  A quokka (D:2)
  3 bats
  3 frilled lizards (D:1)
  A goblin (D:1)
  7 kobolds
  6 rats
40 creatures vanquished.

Notes
Turn   | Place    | Note
-------+----------+-------------------------------------------
     0 | D:1      | lunkers the Draconian Transmuter began the quest for the
                  | Orb.
     0 | D:1      | Reached XP level 1. HP: 16/16 MP: 3/3
    19 | D:1      | You fall into a shaft and drop 1 floor!
    28 | D:2      | Reached XP level 2. HP: 23/23 MP: 3/5
    48 | D:2      | Reached XP level 3. HP: 21/28 MP: 3/6
    74 | D:2      | Learned a level 3 spell: Spider Form
   652 | D:1      | Reached skill level 4 in Unarmed Combat
  1207 | D:2      | Reached XP level 4. HP: 35/35 MP: 3/7
  1945 | D:3      | Found a runed translucent gate.
  1945 | D:3      | Found a runed translucent gate.
  1945 | D:3      | Found a runed translucent gate.
  1948 | D:3      | Noticed pigah's ghost (amateur DrWn)
  2001 | D:3      | Noticed an ice beast
  2031 | D:3      | Slain by an ice beast

Illustrated notes

Levels and vault maps discovered:
D:1:      matt_arrival_los_fun, layout_basic, minmay_hexomino_c4
D:2:      layout_loops_ring, minmay_misc_feat_room
D:3:      layout_loops_ring, gammafunk_ghost_necromancy,
          chequers_ecumenical_altar_island, minmay_cut_off

Skill      XL: |  1  2  3 |
---------------+----------+-----
Transmutations | 3 |  3.6
Unarmed Combat | 4 |  4.3
Fighting       | |  1.1
Dodging        | |  1.7
Spellcasting   | |  2.0

Action                   |  1- 3 |  4- 6 || total
-------------------------+-------+-------++-------
Melee: Unarmed           |    73 |    40 ||   113
       Headbutt          |    13 |       ||    13
       Tailslap          |     7 |     3 ||    10
       Kick              |     4 |       ||     4
 Cast: Beastly Appendage |    16 |     1 ||    17
       Spider Form       |       |     6 ||     6
 Stab: Sleeping          |     1 |       ||     1
Armor: Skin              |    25 |     8 ||    33
Dodge: Dodged            |    43 |    22 ||    65

Table legend: (Time is in decaauts)
 A = Elapsed time spent in this place.
 B = Non-inter-level travel time spent in this place.
 C = Inter-level travel time spent in this place.
 D = Time resting spent in this place.
 E = Time spent auto-exploring this place.
 F = Levels seen in this place.
 G = Mean time per level.
                   A        B        C        D        E       F      G
               +--------+--------+--------+--------+--------+-----+--------+
         Total |   2024 |   1980 |     44 |      7 |   1679 |   3 |  674.7 |
       Dungeon |   2024 |   1980 |     44 |      7 |   1679 |   3 |  674.7 |
               +--------+--------+--------+--------+--------+-----+--------+

Top non-repeatable levels by time:
     D:2: 998 daAuts
     D:1: 903 daAuts
     D:3: 122 daAuts
